 Dungeon Crawl Stone Soup version 0.30-a0-737-gf23d94013f (webtiles) character file.

Game seed: 14770600525174357441

795 porpoise the Sneak (level 7, 0/51 HPs)
             Began as a Gnoll Enchanter on Feb 3, 2023.
             Slain by an ogre
             ... wielding a +0 giant club
              (25 damage)
             ... on level 5 of the Dungeon.
             The game lasted 00:26:39 (4860 turns).

porpoise the Sneak (Gnoll Enchanter)                Turns: 4860, Time: 00:26:40

Health: 0/51       AC:  6    Str:  7    XL:     7   Next: 89%
Magic:  7/15       EV: 13    Int: 14    God:
Gold:   191        SH:  0    Dex: 15    Spells: 9/17 levels left

rFire   . . .      SeeInvis .    a - +1 dagger
rCold   . . .      Faith    .    (no shield)
rNeg    + . .      Spirit   .    w - +0 leather armour
rPois   .          Reflect  .    J - +0 helmet
rElec   .          Harm     .    r - +0 cloak
rCorr   .          Rampage  .    (no gloves)
Will    .....                    f - +0 pair of boots
Stlth   +++                      (no amulet)
HPRegen 0.28/turn                t - ring of positive energy
MPRegen 0.14/turn                m - ring of flight

@: confusing by touch, flying, very slightly contaminated
A: fangs 1, strong nose, distributed training
a: no special abilities


You were on level 5 of the Dungeon.
You visited 1 branch of the dungeon, and saw 6 of its levels.

You collected 191 gold pieces.

Inventory:

Hand Weapons
 a - a +1 dagger (weapon)
 y - a +0 rapier
 A - a +1 antimagic dagger
 C - a +0 dagger of protection
Missiles
 k - 14 poisoned darts
 o - 4 boomerangs (quivered)
Armour
 f - a +0 pair of boots (worn)
 r - a +0 cloak (worn)
 w - a +0 leather armour (worn)
 J - a +0 helmet (worn)
Jewellery
 m - a ring of flight (right hand)
 t - a ring of positive energy (left hand)
 v - a ring of fire
 E - a ring of positive energy
 F - a ring of magical power
Wands
 p - a wand of light (8)
 H - a wand of flame (14)
 L - a wand of paralysis (5)
Scrolls
 j - a scroll of noise {unknown}
 n - a scroll of teleportation
 s - 2 scrolls of fog
 u - 3 scrolls of poison
 x - a scroll of torment {unknown}
 B - a scroll of enchant weapon {unknown}
 D - a scroll of immolation {unknown}
 I - a scroll of summoning {unknown}
 K - a scroll of fear {unknown}
Potions
 b - a potion of might
 c - 3 potions of invisibility
 d - 2 potions of heal wounds
 e - a potion of brilliance {unknown}
 g - a potion of haste {unknown}
 h - 3 potions of attraction
 i - 3 potions of resistance
 l - 4 potions of curing
 q - a potion of lignification {unknown}
 z - a potion of magic {unknown}
 G - a potion of flight {unknown}
 M - a potion of mutation {unknown}


   Skills:
 + Level 2.9 Fighting
 + Level 3.9 Short Blades
 + Level 2.9 Long Blades
 + Level 2.9 Axes
 + Level 2.9 Maces & Flails
 + Level 2.9 Polearms
 + Level 2.9 Staves
 + Level 2.9 Ranged Weapons
 + Level 2.9 Throwing
 + Level 2.9 Armour
 + Level 5.4 Dodging
 + Level 6.7 Stealth
 + Level 2.9 Shields
 + Level 2.9 Unarmed Combat
 + Level 5.8 Spellcasting
 + Level 2.3 Conjurations
 + Level 6.0 Hexes
 + Level 2.3 Summonings
 + Level 2.3 Necromancy
 + Level 2.3 Translocations
 + Level 2.3 Transmutations
 + Level 2.3 Fire Magic
 + Level 2.3 Ice Magic
 + Level 2.3 Air Magic
 + Level 2.3 Earth Magic
 + Level 2.3 Poison Magic
 + Level 3.2 Invocations
 + Level 2.9 Evocations


You had 9 spell levels left.
You knew the following spells:

 Your Spells              Type           Power      Damage    Failure   Level
a - Confusing Touch       Hex            20%        N/A       6%          3
e - Ensorcelled Hibernat  Hex/Ice        30%        N/A       6%          2
t - Tukima's Dance        Hex            20%        N/A       6%          3

Your spell library contained the following spells:

 Spells                   Type           Power      Damage    Failure   Level
 Slow                     Hex            80%        N/A       1%          1
 Foxfire                  Conj/Fire      40%        2x1d6     9%          1
 Dazzling Flash           Conj/Hex       30%        N/A       13%         3
 Portal Projectile        Hex/Tloc       30%        N/A       13%         3
 Vampiric Draining        Necr           10%        2d6       26%         3
 Blade Hands              Tmut           5%         N/A       94%         5
 Fireball                 Conj/Fire      5%         3d5       94%         5
 Starburst                Conj/Fire      5%         6d4       100%        6


Dungeon Overview and Level Annotations

Branches:
Dungeon (6/15)
 Temple: D:4-7

Altars:
Ru
Sif Muna
Vehumet

Shops:
D:3 (

Annotations:
D:2 Sigmund
D:3 2 runed translucent doors, THTSBRD's ghost, amateur FoHu


Innate Abilities, Weirdness & Mutations

You have very sharp teeth.
Your uncanny sense of smell can sniff out nearby items.
Your experience applies equally to all skills.


Message History

Magic restored.
You start resting.
HP restored.
h - 3 potions of attraction (gained 1)
You now have 191 gold pieces (gained 9).
d - 2 potions of heal wounds (gained 1)
An ogre comes into view. It is wielding a +0 giant club.
Found 4 stones.
Found 18 gold pieces.
Found a stone staircase leading down.
The ogre shouts!
Casting: Confusing Touch (dangerous; 6% risk of failure)
Confirm with . or Enter, or press ? or * to list all spells.
Aiming: Ensorcelled Hibernation (safe; 6% risk of failure)
Press: ? - help, Shift-Dir - straight line, f - ogre
Aim: an ogre, wielding a +0 giant club (chance to affect: 49%)
You miscast Ensorcelled Hibernation.
You are very lightly contaminated with residual magic.
Nothing appears to happen.
The ogre barely misses you.
Casting: Ensorcelled Hibernation (safe; 6% risk of failure)
Confirm with . or Enter, or press ? or * to list all spells.
Aiming: Ensorcelled Hibernation (safe; 6% risk of failure)
Press: ? - help, Shift-Dir - straight line, f/p - ogre
Aim: an ogre, wielding a +0 giant club (chance to affect: 49%)
The ogre resists with some effort.
Casting: Ensorcelled Hibernation (safe; 6% risk of failure)
Confirm with . or Enter, or press ? or * to list all spells.
Your hands begin to glow red.
The ogre closely misses you.
You hit the ogre but do no damage. You hit the ogre but do no damage.
The ogre hits you with a +0 giant club!!
Ouch! That really hurt!
Casting: Confusing Touch (dangerous; 6% risk of failure)
Confirm with . or Enter, or press ? or * to list all spells.
Aiming: Ensorcelled Hibernation (safe; 6% risk of failure)
Press: ? - help, Shift-Dir - straight line, f/p - ogre
Aim: an ogre, wielding a +0 giant club (chance to confuse on hit: 52%, chance to affect: 49%)
The ogre resists with some effort.
The ogre hits you with a +0 giant club!!
You die...

..)# *,*,,*.#.*#.##.....##.# )).#
*,,,,,...*#.###........ ...#
*,,*,*#.#*#.###.#..##.# ...#
**,,,,*#.###......<....#
.>.#******,,,,,*#.#.....#.##....#
........###.,,###.#.....#.#*.##.#
.........>...##.........#.#*.#*.#
........#*#.......#.....#..,..,,.
...###### #....O@.#.....###*##*,*
...# #...(.$.####### *,,,, ...#
#.#.....# *,*,* ...#
#,##...##**********,*,* ,,,*
*,*#####**,,,,,,,**,*,* ,,,***
*,* **,,,****,**,*,*
,,,,,******,******,,,,,* *,**,*,*
,,,,,,,,,,,,,,,,,,,,,,,* *,**,,,,
,,,,,,,,,,,,,,****,,,,,* *,,,,,,*


You could see an ogre.

Vanquished Creatures
  An ice beast (D:6)
  An ogre (D:4)
  A phantom (D:6)
  3 scorpions
  A hound (D:6)
  3 jellies (D:4)
  An orc priest (D:4)
  An iguana (D:6)
  An orc wizard (D:6)
  3 gnolls (D:5)
  2 adders
  A shadow imp (D:5)
  A white imp (D:6)
  A worm (D:3)
  A dart slug (D:3)
  8 orcs
  15 endoplasms
  9 giant cockroaches
  6 hobgoblins
  15 kobolds
  2 quokkas
  7 ball pythons
  7 bats
  A frilled lizard (D:2)
  11 goblins
  3 rats
106 creatures vanquished.

Vanquished Creatures (others)
  9 fungi (D:4)
  7 toadstools (D:4)
16 creatures vanquished.

Grand Total: 122 creatures vanquished

Notes
Turn   | Place    | Note
-------+----------+-------------------------------------------
     0 | D:1      | porpoise the Gnoll Enchanter began the quest for the Orb.
     0 | D:1      | Reached XP level 1. HP: 13/13 MP: 6/6
   278 | D:1      | Reached XP level 2. HP: 19/19 MP: 7/7
   993 | D:2      | Reached skill level 5 in Spellcasting
   993 | D:2      | Reached XP level 3. HP: 18/25 MP: 7/9
  1298 | D:2      | Reached skill level 1 in Invocations
  1446 | D:2      | Reached skill level 1 in Fighting
  1446 | D:2      | Reached skill level 1 in Long Blades
  1446 | D:2      | Reached skill level 1 in Axes
  1446 | D:2      | Reached skill level 1 in Maces & Flails
  1446 | D:2      | Reached skill level 1 in Polearms
  1446 | D:2      | Reached skill level 1 in Staves
  1446 | D:2      | Reached skill level 1 in Ranged Weapons
  1446 | D:2      | Reached skill level 1 in Throwing
  1446 | D:2      | Reached skill level 1 in Armour
  1446 | D:2      | Reached skill level 1 in Shields
  1446 | D:2      | Reached skill level 1 in Unarmed Combat
  1446 | D:2      | Reached skill level 1 in Evocations
  1516 | D:2      | Learned a level 2 spell: Ensorcelled Hibernation
  1520 | D:2      | Learned a level 3 spell: Confusing Touch
  1524 | D:2      | Learned a level 3 spell: Tukima's Dance
  1584 | D:2      | Noticed Sigmund
  1796 | D:3      | Noticed THTSBRD's ghost (amateur FoHu)
  1796 | D:3      | Found a large runed translucent door.
  1796 | D:3      | Found a large runed translucent door.
  1824 | D:3      | Reached XP level 4. HP: 31/32 MP: 11/11
  2198 | D:3      | Found a sacrificial altar of Ru.
  2251 | D:3      | Reached skill level 1 in Conjurations
  2251 | D:3      | Reached skill level 1 in Summonings
  2251 | D:3      | Reached skill level 1 in Necromancy
  2251 | D:3      | Reached skill level 1 in Translocations
  2251 | D:3      | Reached skill level 1 in Transmutations
  2251 | D:3      | Reached skill level 1 in Fire Magic
  2251 | D:3      | Reached skill level 1 in Ice Magic
  2251 | D:3      | Reached skill level 1 in Air Magic
  2251 | D:3      | Reached skill level 1 in Earth Magic
  2251 | D:3      | Reached skill level 1 in Poison Magic
  2387 | D:3      | Found Tehookk's Weapon Boutique.
  2544 | D:3      | You are sucked into a shaft and drop 3 floors!
  2566 | D:6      | Noticed an ice beast
  2577 | D:6      | Noticed a sky beast
  2602 | D:6      | HP: 1/32 [ice beast (10)]
  2606 | D:6      | Killed an ice beast
  2607 | D:6      | Reached XP level 5. HP: 2/37 MP: 9/12
  2758 | D:6      | Found a radiant altar of Vehumet.
  2768 | D:6      | Noticed a phantom
  2790 | D:6      | Killed a phantom
  2791 | D:6      | Reached skill level 5 in Dodging
  2791 | D:6      | Reached XP level 6. HP: 12/44 MP: 7/14
  3258 | D:5      | Entered Level 5 of the Dungeon
  3890 | D:3      | Reached XP level 7. HP: 24/51 MP: 15/15
  4071 | D:4      | Found a shimmering blue altar of Sif Muna.
  4860 | D:5      | Slain by an ogre

Illustrated notes

Levels and vault maps discovered:
D:1:      kilobyte_arrival_exit_the_forest, layout_basic
D:2:      layout_rooms, minmay_worlds_worst_comb, uniq_sigmund
D:3:      layout_basic, old_standard_altar, serial_shops, shop,
          ebering_ghost_disaster_area, st_stairs_6
D:4:      cheibrodos_fertilizer, layout_rooms, nicolae_sif_muna_condensation
D:5:      layout_loops_cross, old_standard_altar, uniq_crazy_yiuf_cottage
D:6:      layout_cave_pods, kennysheep_slug_shrine, vehumet_altar_wand_db,
          minmay_temple_entry_nine_rooms, grunt_decor_one_mirror,
          minmay_fractal_squares_diagonal_5

Skill      XL: |  1  2  3  4  5  6  7 |
---------------+----------------------+-----
Spellcasting   | 5 |  5.8
Stealth        | 6 |  6.7
Invocations    | 1 2 3 |  3.2
Fighting       | 1 2 |  2.9
Long Blades    | 1 2 |  2.9
Axes           | 1 2 |  2.9
Maces & Flails | 1 2 |  2.9
Polearms       | 1 2 |  2.9
Staves         | 1 2 |  2.9
Ranged Weapons | 1 2 |  2.9
Throwing       | 1 2 |  2.9
Armour         | 1 2 |  2.9
Shields        | 1 2 |  2.9
Unarmed Combat | 1 2 |  2.9
Evocations     | 1 2 |  2.9
Conjurations   | 1 2 |  2.3
Summonings     | 1 2 |  2.3
Necromancy     | 1 2 |  2.3
Translocations | 1 2 |  2.3
Transmutations | 1 2 |  2.3
Fire Magic     | 1 2 |  2.3
Ice Magic      | 1 2 |  2.3
Air Magic      | 1 2 |  2.3
Earth Magic    | 1 2 |  2.3
Poison Magic   | 1 2 |  2.3
Short Blades   | 3 |  3.9
Dodging        | 5 |  5.4
Hexes          | 6 |  6.0

Action                     |  1- 3 |  4- 6 |  7- 9 || total
---------------------------+-------+-------+-------++-------
  Melee: Dagger            |   154 |   160 |    93 ||   407
         Bite              |    15 |    20 |    14 ||    49
         Punch             |     1 |     2 |     2 ||     5
   Cast: Ensorcelled Hiber |       |     9 |    13 ||    22
         Confusing Touch   |       |    11 |    12 ||    23
         Tukima's Dance    |       |       |     1 ||     1
  Evoke: Wand              |       |       |     1 ||     1
    Use: Scroll            |       |     9 |     3 ||    12
         Potion            |       |     3 |       ||     3
   Stab: Sleeping          |    13 |    15 |     9 ||    37
         Confused          |       |     7 |     5 ||    12
         Invisible         |       |     1 |     2 ||     3
         Distracted        |       |     1 |       ||     1
 Armour: Robe              |    29 |       |       ||    29
         Leather armour    |     5 |    40 |    17 ||    62
  Dodge: Dodged            |    79 |    69 |    54 ||   202

Table legend: (Time is in decaauts)
 A = Elapsed time spent in this place.
 B = Non-inter-level travel time spent in this place.
 C = Inter-level travel time spent in this place.
 D = Time resting spent in this place.
 E = Time spent auto-exploring this place.
 F = Levels seen in this place.
 G = Mean time per level.
                   A        B        C        D        E       F      G
               +--------+--------+--------+--------+--------+-----+--------+
         Total |   4806 |   4686 |    120 |   1431 |   1903 |   6 |  801.0 |
       Dungeon |   4806 |   4686 |    120 |   1431 |   1903 |   6 |  801.0 |
               +--------+--------+--------+--------+--------+-----+--------+

Top non-repeatable levels by time:
     D:3: 1224 daAuts
     D:1: 979 daAuts
     D:2: 805 daAuts
     D:4: 764 daAuts
     D:6: 701 daAuts
     D:5: 331 daAuts
